 Dungeon Crawl Stone Soup version 0.27.1-16-g815e20cd7a (webtiles) character file.

Game seed: 6097648049575332234

66 DearestLeader the Ruffian (level 4, -2/38 HPs)
             Began as a Gnoll Wanderer on Nov 22, 2021.
             Slain by a water moccasin (8 damage)
             ... on level 3 of the Dungeon.
             The game lasted 00:03:45 (2819 turns).

DearestLeader the Ruffian (Gnoll Wanderer)          Turns: 2819, Time: 00:03:46

Health: -2/38      AC:  2    Str: 12    XL:     4   Next: 15%
Magic:  0/5        EV: 12    Int: 18    God:
Gold:   46         SH:  0    Dex: 11    Spells: 1/5 levels left

rFire    + . .     SeeInvis .   l - +0 whip
rCold    . . .     Faith    .   (no shield)
rNeg     . . .     Spirit   .   b - +0 robe
rPois    .         Reflect  .   (no helmet)
rElec    .         Harm     .   (no cloak)
rCorr    .         Rampage  .   (no gloves)
Will     .....                  (no boots)
Stlth    +.........             (no amulet)
HPRegen  0.12/turn              h - ring of protection from fire
MPRegen  0.09/turn              n - +6 ring of intelligence

@: lethally poisoned (-2 -> -24), attractive
A: fangs 1, strong nose, distributed training
a: no special abilities


You were on level 3 of the Dungeon.
You visited 1 branch of the dungeon, and saw 3 of its levels.

You collected 46 gold pieces.

Inventory:

Hand Weapons
 a - a +0 club
 d - a +0 mace
 l - a +0 whip (weapon)
Armour
 b - a +0 robe (worn)
Jewellery
 h - a ring of protection from fire (left hand)
 n - a +6 ring of intelligence (right hand)
Scrolls
 g - a scroll of teleportation {unknown}
 i - 2 scrolls of identify {unknown}
 j - a scroll of noise {unknown}
 k - a scroll of acquirement {unknown}
 o - a scroll of fear {unknown}
Potions
 c - a potion of lignification
 e - a potion of attraction
 f - a potion of degeneration {unknown}
 m - a potion of brilliance {unknown}


   Skills:
 + Level 4.6 Fighting
 + Level 1.0 Short Blades
 + Level 1.0 Long Blades
 + Level 1.0 Axes
 + Level 1.0 Maces & Flails
 + Level 1.0 Polearms
 + Level 1.0 Staves
 + Level 1.0 Slings
 + Level 1.0 Bows
 + Level 1.0 Crossbows
 + Level 2.7 Throwing
 + Level 1.0 Armour
 + Level 2.7 Dodging
 + Level 1.0 Stealth
 + Level 1.0 Shields
 + Level 4.6 Unarmed Combat
 + Level 1.0 Spellcasting
 + Level 3.8 Conjurations
 + Level 0.8 Hexes
 + Level 0.8 Summonings
 + Level 0.8 Necromancy
 + Level 0.8 Translocations
 + Level 0.8 Transmutations
 + Level 0.8 Fire Magic
 + Level 0.8 Ice Magic
 + Level 2.2 Air Magic
 + Level 0.8 Earth Magic
 + Level 0.8 Poison Magic
 + Level 1.1 Invocations
 + Level 2.7 Evocations


You had one spell level left.
You knew the following spells:

 Your Spells              Type           Power      Damage    Failure   Level
a - Magic Dart            Conj           56%        1d5       4%          1
b - Animate Skeleton      Necr           6%         N/A       14%         1
c - Searing Ray           Conj           28%        3d4       6%          2

Your spell library contained the following spells:

 Spells                   Type           Power      Damage    Failure   Level
 Apportation              Tloc           6%         N/A       14%         1
 Corona                   Hex            3%         N/A       14%         1
 Summon Small Mammal      Summ           12%        N/A       14%         1
 Static Discharge         Conj/Air       11%        N/A       9%          2
 Corpse Rot               Necr/Air       N/A        N/A       16%         2
 Dazzling Flash           Conj/Hex       18%        N/A       22%         3
 Fulminant Prism          Conj/Hex       4%         3d6       58%         4
 Iskenderun's Mystic Bla  Conj/Tloc      9%         2d4       58%         4


Dungeon Overview and Level Annotations

Branches:
Dungeon (3/15)

Altars:
Cheibriados


Innate Abilities, Weirdness & Mutations

You have very sharp teeth.
Your uncanny sense of smell can sniff out nearby items.
Your experience applies equally to all skills.


Message History

Memorise Searing Ray, consuming 2 spell levels and leaving 1?
You start memorising the spell.
You continue memorising. x2
You finish memorising.
Spell assigned to 'c'.
o - a scroll labelled AQIMAN JYXT
Things that are here:
a +0 short sword; a +0 chain mail; an orc corpse A water moccasin comes into view.
The water moccasin misses you.
Casting: Magic Dart (safe; 4% risk of failure)
Confirm with . or Enter, or press ? or * to list all spells.
Aiming: Searing Ray (safe; 6% risk of failure)
Press: ? - help, Shift-Dir - straight line, f - water moccasin
Aim: a water moccasin (60% to hit)
The searing ray hits the water moccasin.
The water moccasin is lightly wounded. (Press . to maintain the ray.)
The water moccasin barely misses you. The water moccasin bites you.
The searing ray hits the water moccasin.
The water moccasin is moderately wounded.
The water moccasin barely misses you.
The searing ray hits the water moccasin.
The water moccasin is moderately wounded.
The water moccasin bites you! x2
You are poisoned.
The water moccasin poisons you!
The searing ray hits the water moccasin!
The water moccasin is severely wounded.
You finish channeling your searing ray.
You feel very sick. The water moccasin bites you!
* * * LOW HITPOINT WARNING * * *
You are more poisoned.
The water moccasin poisons you!
Okay, then.
It was a potion of attraction.
You feel attractive to monsters.
* * * LOW HITPOINT WARNING * * *
You feel very sick. The water moccasin bites you!
You die...

.#....## #.##....#.#.###.##..#.#)
.#...)####.#####.#.#.###.##..#..†
>................................
........##.#####.#.#.###.###.###.
.######.##.# #.............# #. .
#.##.# #.#.#.###.##### #. #.##.#
#.#.#.# #.#######. #.##.# #.#.#.#
#......... #.##.# #@#.#.#
#########. #.##.# #S#.#..
.......< #.# #.#†### #######. #.#
#.#.######## ###..
#.#........###...÷
#.#.#..........##.
..#.#..........#.#
.###...†##.#....#..
..###....##.#....#.(


You could see a water moccasin.

Vanquished Creatures
  Jessica (D:2)
  An adder (D:3)
  A worm (D:2)
  2 orcs (D:3)
  2 bats
  4 endoplasms
  2 goblins (D:2)
  2 hobgoblins
  2 kobolds
  6 ball pythons
  A frilled lizard (D:3)
  5 rats
29 creatures vanquished.

Notes
Turn   | Place    | Note
-------+----------+-------------------------------------------
     0 | D:1      | DearestLeader the Gnoll Wanderer began the quest for the
                  | Orb.
     0 | D:1      | DearestLeader set off with the following items: a +0 club,
                  | a +0 robe, a potion of lignification; and the following
                  | spell memorised: Magic Dart; and the following spells
                  | available to memorise: Searing Ray, Static Discharge,
                  | Corpse Rot, Dazzling Flash, Fulminant Prism, Iskenderun's
                  | Mystic Blast
     0 | D:1      | Reached XP level 1. HP: 20/20 MP: 1/1
    40 | D:1      | Found a faded altar of an unknown god.
   794 | D:1      | Reached XP level 2. HP: 25/26 MP: 2/2
  1627 | D:2      | Noticed Jessica
  1639 | D:2      | Killed Jessica
  1640 | D:2      | Reached skill level 1 in Invocations
  1640 | D:2      | Reached XP level 3. HP: 7/31 MP: 0/4
  1920 | D:2      | Found a snail-covered altar of Cheibriados.
  2013 | D:2      | Learned a level 1 spell: Animate Skeleton
  2390 | D:3      | Reached skill level 1 in Short Blades
  2390 | D:3      | Reached skill level 1 in Long Blades
  2390 | D:3      | Reached skill level 1 in Axes
  2390 | D:3      | Reached skill level 1 in Maces & Flails
  2390 | D:3      | Reached skill level 1 in Polearms
  2390 | D:3      | Reached skill level 1 in Staves
  2390 | D:3      | Reached skill level 1 in Slings
  2390 | D:3      | Reached skill level 1 in Bows
  2390 | D:3      | Reached skill level 1 in Crossbows
  2390 | D:3      | Reached skill level 1 in Armour
  2390 | D:3      | Reached skill level 1 in Stealth
  2390 | D:3      | Reached skill level 1 in Shields
  2390 | D:3      | Reached skill level 1 in Spellcasting
  2716 | D:3      | Reached XP level 4. HP: 36/38 MP: 2/5
  2755 | D:3      | Learned a level 2 spell: Searing Ray
  2810 | D:3      | Noticed a water moccasin
  2819 | D:3      | Slain by a water moccasin

Illustrated notes

Levels and vault maps discovered:
D:1:      onia_arrival_handbag, layout_basic,
          hellmonk_ecumenical_altar_heavens_door
D:2:      layout_loops_cross, basic_altar, uniq_jessica
D:3:      layout_basic, lemuel_tele_altar, overflow_temple_1_default,
          mainiacjoe_overflow_tiny_flanked, minmay_distorted,
          uniq_crazy_yiuf_cottage

Skill      XL: |  1  2  3 |
---------------+----------+-----
Air Magic      | 2 |  2.2
Invocations    | 1 |  1.1
Short Blades   | 1 |  1.0
Long Blades    | 1 |  1.0
Axes           | 1 |  1.0
Maces & Flails | 1 |  1.0
Polearms       | 1 |  1.0
Staves         | 1 |  1.0
Slings         | 1 |  1.0
Bows           | 1 |  1.0
Crossbows      | 1 |  1.0
Armour         | 1 |  1.0
Stealth        | 1 |  1.0
Shields        | 1 |  1.0
Spellcasting   | 1 |  1.0
Fighting       | |  4.6
Throwing       | |  2.7
Dodging        | |  2.7
Unarmed Combat | |  4.6
Conjurations   | |  3.8
Hexes          | |  0.8
Summonings     | |  0.8
Necromancy     | |  0.8
Translocations | |  0.8
Transmutations | |  0.8
Fire Magic     | |  0.8
Ice Magic      | |  0.8
Earth Magic    | |  0.8
Poison Magic   | |  0.8
Evocations     | |  2.7

Action                   |  1- 3 |  4- 6 || total
-------------------------+-------+-------++-------
Melee: Mace              |    27 |       ||    27
       Club              |     5 |       ||     5
       Whip              |    57 |     7 ||    64
       Bite              |     7 |       ||     7
       Punch             |     1 |       ||     1
 Cast: Magic Dart        |    14 |     2 ||    16
       Searing Ray       |       |     1 ||     1
  Use: Potion            |     1 |     1 ||     2
 Stab: Sleeping          |     2 |       ||     2
Armor: Robe              |    15 |     2 ||    17
       Skin              |     2 |       ||     2
Dodge: Dodged            |    54 |     6 ||    60
